 Dungeon Crawl Stone Soup version 0.31-a0-764-g8440623082 (webtiles) character file.

Game seed: 1688999542195296913

183932 Gargoyl the Executioner (level 18, -3/125 HPs)
             Began as a Gargoyle Berserker on Sept 14, 2023.
             Was an Elder of Trog.
             Killed by divine providence
             ... invoked by a meliai
              (16 damage)
             ... on level 4 of the Spider Nest on Sept 15, 2023.
             The game lasted 00:44:02 (28359 turns).

Gargoyl the Executioner (Gargoyle Berserker)       Turns: 28359, Time: 00:44:03

Health: -3/125     AC: 26    Str: 31    XL:     18   Next: 39%
Magic:  18/18      EV: 21    Int:  8    God:    Trog [****..]
Gold:   3283       SH:  0    Dex: 13    Spells: 17/17 levels left

rFire   + . .        n - +8 battleaxe of Exquisite Death {flame, rElec rF+}
rCold   + + +        (shield currently unavailable)
rNeg    + . .        R - +4 skin of Zhor {*Englaciate rC+++ SInv}
rPois   ∞            t - +2 hat
rElec   +            (no cloak)
rCorr   .            (no gloves)
SInv    +            u - +2 pair of boots
Will    +++..        O - dreamdust necklace {Acrobat}
Stlth   +++          e - +5 ring of evasion
HPRegen 1.40/turn    p - +6 ring of strength
MPRegen 0.16/turn

%: acrobat
@: strong-willed (expiring), on berserk cooldown, flying, very slightly
contaminated, regenerating (expiring), slowed, very slow
A: sickness immunity, AC +13, big wings, negative energy resistance 1,
electricity resistance, torment resistance 1, petrification resistance, hooves
1, horns 1, sense surroundings 1
a: Renounce Religion, Berserk, Trog's Hand, Brothers in Arms


You were on level 4 of the Spider Nest.
You worshipped Trog.
Trog was greatly pleased with you.
You visited 4 branches of the dungeon, and saw 26 of its levels.
You also visited: Gauntlet and Ice Cave.

You collected 3905 gold pieces.
You spent 622 gold pieces at shops.

Inventory:

Hand Weapons
 n - the +8 battleaxe of Exquisite Death (weapon) {flame, rElec rF+}
   (You acquired it on level 4 of the Dungeon)

   rF+:       It protects you from fire.
   rElec:     It insulates you from electricity.
 E - a +5 war axe of electrocution
 P - the +7 executioner's axe of Sudden Death {venom, *Rage rPois Int+6}
   (You acquired it on level 2 of the Spider Nest)

   Int+6:     It affects your intelligence (+6).
   rPois:     It protects you from poison *Rage: It berserks you when you make
   melee attacks (+20% chance).
 V - a +2 broad axe of flaming
 X - a +1 antimagic executioner's axe
Missiles
 m - 29 poisoned darts (quivered)
Armour
 t - a +2 hat (worn)
 u - a +2 pair of boots (worn)
 R - the +4 skin of Zhor (worn) {*Englaciate rC+++ SInv}
   (You found it in an ice cave)

   *Englaciate: It radiates cold, occasionally slowing all nearby creatures who
   are not resistant to cold.
   rC+++:     It renders you almost immune to cold.
   SInv:      It lets you see invisible.
Jewellery
 e - a +5 ring of evasion (left hand)
 i - a ring of protection from cold
 k - a +6 ring of strength
 p - a +6 ring of strength (right hand)
 r - a ring of protection from fire
 w - a ring of magical power
 y - a ring of positive energy
 F - a ring of see invisible
 O - the dreamdust necklace (around neck) {Acrobat}
   (You found it in an ice cave)

   [amulet of the acrobat]

   Acrobat:   It increases your evasion while moving and waiting.
Wands
 b - a wand of flame (66)
 s - a wand of roots (19)
 v - a wand of charming (15)
 A - a wand of digging (2)
 G - a wand of polymorph (10)
 H - a wand of mindburst (17)
 I - a wand of quicksilver (22)
Scrolls
 d - 5 scrolls of immolation
 j - 4 scrolls of revelation
 q - 3 scrolls of fog
 D - 2 scrolls of torment
 J - 3 scrolls of identify
 L - a scroll of poison
 M - 6 scrolls of fear
 N - a scroll of blinking
 S - 3 scrolls of teleportation
Potions
 a - a potion of enlightenment
 c - 6 potions of curing
 f - 4 potions of magic
 g - 4 potions of might
 l - 2 potions of resistance
 o - a potion of invisibility
 x - a potion of attraction
 z - a potion of ambrosia
 B - 2 potions of haste
 K - a potion of lignification
 Q - a potion of cancellation
 T - a potion of mutation


   Skills:
 + Level 18.0 Fighting
 + Level 21.7 Axes
 + Level 2.1 Throwing
 + Level 10.4 Armour
 + Level 9.9 Dodging
 + Level 7.1 Stealth


You had 17 spell levels left.
You didn't know any spells.
Your spell library was empty.

Dungeon Overview and Level Annotations

Branches:
Dungeon (15/15)            Temple (0/1) D:4            Lair (5/5) D:11
 Shoals (0/4) Lair:3       Spider (4/4) Lair:3        Slime (0/5) Lair:5
    Orc (2/2) D:9             Elf (0/3) Orc:2        Vaults (0/5) D:13
 Depths (0/4) D:15          IceCv (visited)         Gauntlet (visited)

Altars:
Cheibriados
Elyvilon
Makhleb
Okawaru
Ru
Sif Muna
Trog
Wu Jian
Xom
Yredelemnul
Jiyva
Lugonu

Shops:
D:5 !   D:10 (   Orc:2 !*(:

Portals:
Abyss: Lair:5
Pandemonium: Orc:2

Annotations:
Lair:1 2 transporters


Innate Abilities, Weirdness & Mutations

You are immune to sickness and miasma.
Your stone body is resilient. (AC +13)
You are immune to poison.
Your large and strong wings let you fly.
You resist negative energy. (rN+)
You are resistant to electric shocks. (rElec)
You are resistant to unholy torment.
You are immune to petrification.
You have large cloven feet.
You have a pair of small horns on your head.
You passively map a small area around you.


Message History

Your black bear claws the emperor scorpion but does no damage. x2
You are confused.
You feel invigorated.
Your black bear bites the emperor scorpion but does no damage.
Your black bear barely misses the emperor scorpion.
Your black bear claws the emperor scorpion but does no damage.
The emperor scorpion stings you but does no damage.
The emperor scorpion claws you but does no damage.
The emperor scorpion closely misses you.
A meliai comes into view. It is wielding a +0 hand axe.
Unknown command.
Unknown command.
You radiate an aura of cold.
Your black bear seems to slow down.
The emperor scorpion seems to slow down.
The steelbarb worm seems to slow down.
The meliai seems to slow down.
The torpor snail seems to slow down.
The meliai seems to slow down.
The meliai invokes the aid of its god against you.
Something smites you!
* * * LOW HITPOINT WARNING * * *
Your black bear bites the emperor scorpion but does no damage.
Your black bear claws the emperor scorpion but does no damage. x2
The meliai invokes the aid of its god against you.
Something smites you!
* * * LOW HITPOINT WARNING * * *
The emperor scorpion barely misses your black bear.
The emperor scorpion claws your black bear.
The emperor scorpion barely misses your black bear.
Your black bear bites the emperor scorpion but does no damage.
Your black bear barely misses the emperor scorpion. x2
Okay, then.
You are too confused!
You feel better.
You feel less invigorated.
You feel the effects of Trog's Hand fading.
The meliai calls down the wrath of its god upon you.
Something smites you!
* * * LOW HITPOINT WARNING * * *
The meliai invokes the aid of its god against you.
Something smites you!
You die...

.^^....^#* ###.# * ,
.#......# w....###, *
.<.....##* .....,,,* * ,
.......#### ..w#
#..^..##..######.##
.^.<.##......##...##, * ,,
.....#.......##...)#### * *
#....###........y..†).# * ,
..!...####...##.@.#.......)
..#....####..##.h####....#.
.#......##....##sw.# ...##
* ....^.^...:.........# ..#
#..^#...............# #..!
#..#^..........yy...# .#!#
#...##..##....#....## ###*
##.##..####..##y.###
#..######....#* .. , ,


You could see an emperor scorpion (slow, ally target), a steelbarb worm (slow),
a torpor snail (slow), 4 meliai and a friendly black bear (summoned, berserk,
slow).

Vanquished Creatures
  Saint Roka (Orc:2)
  Rupert (D:13)
  Jorgrun (Orc:2)
  A storm dragon (D:14)
  A tengu reaver (D:14)
  3 emperor scorpions
  An orc warlord (Orc:2)
  2 ghost moths
  A stone giant (D:15)
  Nessos (D:13)
  5 spark wasps
  A minotaur (Gauntlet)
  2 fire dragons
  The ghost of Conn the Fighter, a journeyman OpFE of Sif Muna (Orc:2)
  4 hydras
  7 entropy weavers
  An ice dragon (IceCv)
  An ogre mage (D:14)
  3 radroaches
  A demonspawn (Orc:2)
  2 catoblepae
  The ghost of andwaal the Cleaver, a novice HOMo of Beogh (D:8)
  3 ghost crabs (Lair:4)
  8 two-headed ogres
  4 centaur warriors
  7 boulder beetles
  4 tengu warriors (D:15)
  4 death yaks (Lair:5)
  Urug (D:10)
  10 demonic crawlers
  7 orc high priests (Orc:2)
  7 fire crabs
  Sonja (D:11)
  9 pharaoh ants
  5 skeletal warriors (D:12)
  3 skysharks
  5 orb spiders
  A lindwurm (Lair:5)
  A deep elf archer (D:14)
  7 steelbarb worms
  17 wolf spiders
  3 orc knights (Orc:2)
  A phantasmal warrior (D:14)
  Pikel (D:4)
  2 deep elf pyromancers (D:14)
  11 ugly things
  A shining eye (shapeshifter) (D:13)
  3 cyclopes
  3 manticores
  5 orc sorcerers
  25 elephants
  14 torpor snails
  A guardian serpent (Lair:5)
  A moth of wrath (Spider:4)
  3 ice statues
  An apocalypse crab (Lair:4)
  A gargoyle (D:11)
  11 black mambas
  Psyche (D:10)
  2 unseen horrors
  20 cane toads
  An orange demon (Orc:2)
  A komodo dragon (shapeshifter) (D:14)
  5 rime drakes
  Maggie (D:8)
  9 komodo dragons
  2 red devils (Orc:2)
  2 ice devils
  A merfolk (Lair:3)
  5 meliai
  10 hornets
  7 trolls
  4 tyrant leeches (Lair:5)
  3 polar bears
  21 tarantellas
  15 blink frogs
  30 jumping spiders
  A centaur simulacrum (D:15)
  22 culicivoras
  14 slime creatures
  6 shadows
  4 wraiths
  A vampire (D:10)
  Grum (D:11)
  15 wyverns
  51 redbacks
  4 basilisks
  2 steam dragons
  6 vampire mosquitoes (D:14)
  48 yaks
  A chaos spawn (Orc:2)
  A neqoxec (Orc:2)
  Menkaure (D:4)
  A death yak simulacrum (Lair:2)
  30 water moccasins
  3 wargs (Orc:2)
  8 acid dragons
  A spectral troll (Orc:2)
  Duvessa (D:4)
  2 black bears (D:11)
  A meliai simulacrum (D:14)
  22 orc warriors
  A sky beast (D:6)
  2 ice beasts
  24 wolves
  11 ogres
  11 centaurs
  3 kobold brigands
  A phantom (D:7)
  The ghost of niknal the Slasher, an amateur TeWr (D:3)
  12 bullfrogs
  Blork the orc (D:5)
  5 scorpions
  A spectral warg (Orc:2)
  A water moccasin zombie (D:4)
  6 wights
  Dowan (D:4)
  5 killer bees
  An elephant simulacrum (Lair:2)
  4 lindwurm simulacra (IceCv)
  2 orc simulacra (Orc:2)
  5 jellies
  10 komodo dragon simulacra (IceCv)
  A hound (D:3)
  26 orc priests
  3 sleepcaps
  Natasha (thrice) (D:3)
  4 iguanas
  3 spectral orcs (Orc:2)
  8 orc wizards
  2 scorpion zombies (D:4)
  A howler monkey zombie (D:4)
  3 acid dragon simulacra (IceCv)
  15 adders
  4 white imps (Gauntlet)
  3 steam dragon simulacra (IceCv)
  5 worms
  2 dart slugs
  62 orcs
  5 endoplasms
  5 giant cockroaches
  5 goblins
  8 hobgoblins
  5 jackals
  25 kobolds
  3 ball pythons
  2 bats (D:1)
  3 frilled lizards
  A jackal zombie (D:4)
  3 rats
938 creatures vanquished.

Vanquished Creatures (collateral kills)
  2 demonspawn (Orc:2)
  An orc high priest (Orc:2)
  2 orb spiders (Spider:4)
  2 orc knights (Orc:2)
  An elephant (Lair:5)
  2 rime drakes (IceCv)
  A komodo dragon (Lair:5)
  5 orc warriors (Orc:2)
  A komodo dragon simulacrum (IceCv)
  An orc priest (Orc:2)
  An orc (Orc:2)
  A hobgoblin (D:1)
20 creatures vanquished.

Vanquished Creatures (others)
  A deep elf pyromancer (D:12)
  A lurking horror (Lair:5)
2 creatures vanquished.

Grand Total: 960 creatures vanquished

Notes
Turn   | Place    | Note
-------+----------+-------------------------------------------
     0 | D:1      | Gargoyl the Gargoyle Berserker began the quest for the Orb.
     0 | D:1      | Reached XP level 1. HP: 14/14 MP: 1/1
   159 | D:1      | Reached XP level 2. HP: 19/19 MP: 2/2
   191 | D:1      | Reached skill level 3 in Axes
   704 | D:2      | Reached XP level 3. HP: 24/24 MP: 3/3
   706 | D:2      | Reached XP level 4. HP: 29/29 MP: 4/4
   723 | D:2      | Reached ** piety under Trog
   898 | D:2      | Reached skill level 4 in Axes
  1194 | D:2      | Reached XP level 5. HP: 33/33 MP: 5/5
  1318 | D:3      | Found a runed translucent door.
  1373 | D:3      | Noticed niknal's ghost (amateur TeWr)
  1590 | D:3      | Found a shimmering altar of Xom.
  1612 | D:3      | Noticed Natasha
  1625 | D:3      | Killed Natasha
  1705 | D:3      | Noticed Natasha
  1720 | D:3      | Killed Natasha
  1768 | D:3      | Found a white marble altar of Elyvilon.
  1957 | D:3      | Noticed Natasha
  1963 | D:3      | Killed Natasha
  1964 | D:3      | Reached XP level 6. HP: 36/39 MP: 6/6
  2373 | D:3      | Killed niknal's ghost
  2374 | D:3      | Reached skill level 5 in Axes
  2409 | D:4      | Identified the +9 triple crossbow of the Ancient Mystics
                  | {heavy, rElec Dex+5 Stlth+}
  2415 | D:4      | Found a staircase to the Ecumenical Temple.
  2430 | D:4      | Reached skill level 5 in Fighting
  2437 | D:4      | Noticed Menkaure
  2437 | D:4      | Noticed Pikel
  2446 | D:4      | Killed Menkaure
  2447 | D:4      | Reached XP level 7. HP: 37/44 MP: 7/7
  2452 | D:4      | Killed Pikel
  2453 | D:4      | Reached skill level 6 in Axes
  2495 | D:4      | Noticed Duvessa
  2497 | D:4      | Noticed Dowan
  2519 | D:4      | Killed Duvessa
  2520 | D:4      | Reached XP level 8. HP: 50/50 MP: 8/8
  2524 | D:4      | Killed Dowan
  2601 | D:4      | Reached skill level 7 in Axes
  2754 | D:4      | Found a burning altar of Makhleb.
  2845 | D:4      | Identified a scroll of acquirement
  2845 | D:4      | Acquired the +8 battleaxe of Exquisite Death {flame, rElec
                  | rF+}
  2874 | D:4      | Found a basalt altar of Yredelemnul.
  3270 | D:5      | Entered Level 5 of the Dungeon
  3386 | D:5      | Found Gauco's Distillery.
  3386 | D:5      | Noticed Blork the orc
  3393 | D:5      | Killed Blork the orc
  3400 | D:5      | Bought a potion of curing for 36 gold pieces
  3400 | D:5      | Bought a potion of ambrosia for 96 gold pieces
  3400 | D:5      | Bought a potion of curing for 36 gold pieces
  3400 | D:5      | Bought a potion of curing for 36 gold pieces
  3438 | D:5      | Identified the +3 dagger of Arefogeff {flame, rF+ rC+
                  | rCorr}
  3442 | D:5      | Found a shimmering blue altar of Sif Muna.
  3564 | D:5      | Reached *** piety under Trog
  4113 | D:6      | Reached skill level 8 in Axes
  4123 | D:6      | Reached skill level 1 in Stealth
  4123 | D:6      | Reached XP level 9. HP: 53/56 MP: 9/9
  4972 | D:7      | Reached skill level 9 in Axes
  5203 | D:8      | Found a snail-covered altar of Cheibriados.
  5204 | D:8      | Found a runed translucent gate.
  5204 | D:8      | Found a runed translucent gate.
  5204 | D:8      | Found a runed translucent gate.
  5206 | D:8      | Noticed Maggie
  5207 | D:8      | Noticed andwaal's ghost (novice HOMo)
  5216 | D:8      | Killed Maggie
  5367 | D:8      | Noticed a hornet
  5372 | D:8      | Killed a hornet
  5373 | D:8      | Reached skill level 10 in Axes
  5373 | D:8      | Reached skill level 5 in Armour
  5562 | D:8      | Found an iron altar of Okawaru.
  5613 | D:8      | Reached XP level 10. HP: 56/64 MP: 10/10
  5927 | D:8      | Found a bloodstained altar of Trog.
  5945 | D:8      | Reached skill level 11 in Axes
  5947 | D:8      | Reached **** piety under Trog
  5979 | D:8      | Found a viscous altar of Jiyva.
  5991 | D:8      | Killed andwaal's ghost
  6187 | D:9      | Found a staircase to the Orcish Mines.
  6400 | D:9      | Reached skill level 12 in Axes
  6400 | D:9      | Reached XP level 11. HP: 57/71 MP: 11/11
  6958 | D:9      | Identified the +9 long sword of Voracious Conscience
                  | {heavy, Int+3}
  7143 | D:10     | Entered Level 10 of the Dungeon
  7151 | D:10     | Found Binoyps's Antique Weapon Shoppe.
  7162 | D:10     | Bought a runed war axe for 201 gold pieces
  7162 | D:10     | Bought a runed broad axe for 217 gold pieces
  7243 | D:10     | Identified the +0 ring mail of Uskayaw's Indignation {-Tele
                  | Contam rElec SInv}
  7408 | D:10     | Noticed a two-headed ogre
  7419 | D:10     | Killed a two-headed ogre
  7616 | D:10     | Noticed Urug
  7631 | D:10     | Killed Urug
  7632 | D:10     | Reached skill level 13 in Axes
  7751 | D:10     | Identified the +0 scale mail of Remyton {Str+6 Int+4 Dex-4}
  7980 | D:10     | Noticed Psyche
  7985 | D:10     | Killed Psyche
  8230 | D:10     | Noticed a two-headed ogre
  8240 | D:10     | Killed a two-headed ogre
  8513 | D:11     | Noticed Sonja
  8515 | D:11     | Noticed Grum
  8526 | D:11     | Killed Grum
  8529 | D:11     | Killed Sonja
  8530 | D:11     | Reached XP level 12. HP: 67/77 MP: 12/12
  8587 | D:11     | Found a staircase to the Lair.
  8592 | D:11     | Reached skill level 10 in Fighting
  8802 | D:11     | Noticed a two-headed ogre
  8809 | D:11     | Killed a two-headed ogre
  9171 | Lair:1   | Entered Level 1 of the Lair of Beasts
  9177 | Lair:1   | Reached skill level 14 in Axes
  9668 | Lair:1   | Found a transporter.
  9842 | Lair:1   | Found a transporter.
 10024 | Lair:1   | Noticed a boulder beetle
 10048 | Lair:1   | Killed a boulder beetle
 10476 | Lair:2   | Reached skill level 15 in Axes
 10476 | Lair:2   | Reached skill level 10 in Armour
 10703 | Lair:2   | Reached XP level 13. HP: 62/84 MP: 13/13
 10913 | Lair:2   | Found a frozen archway.
 11049 | IceCv    | Entered an ice cave
 11571 | IceCv    | Noticed an ice dragon
 11573 | IceCv    | Found the dreamshard necklace {Acrobat *Dream}
 11598 | IceCv    | Killed an ice dragon
 11653 | IceCv    | Found the +4 skin of Zhor {*Englaciate rC+++ SInv}
 12184 | Lair:2   | Reached skill level 16 in Axes
 12345 | Lair:3   | You fall into a shaft and drop 2 floors!
 12345 | Lair:5   | Entered Level 5 of the Lair of Beasts
 12863 | Lair:3   | Found a hole to the Spider Nest.
 12866 | Lair:3   | Found a sacrificial altar of Ru.
 13008 | Lair:3   | Found a staircase to the Shoals.
 13547 | Lair:4   | Found a runed translucent door.
 13655 | Lair:4   | Gained mutation: Your large and strong wings let you fly.
                  | [Gargoyle growth]
 13655 | Lair:4   | Reached XP level 14. HP: 91/92 MP: 14/14
 13680 | Lair:4   | Reached skill level 17 in Axes
 14723 | Lair:4   | Reached skill level 5 in Dodging
 14927 | Lair:4   | Identified the amulet "Toapp" {Faith rF- Regen+ Dex+6
                  | Stlth-}
 15261 | Lair:5   | Reached skill level 18 in Axes
 15283 | Lair:5   | Found a runed translucent door.
 15552 | Lair:5   | Identified the +2 dagger of Dycischan {freeze, Int+5}
 15761 | Lair:5   | Reached XP level 15. HP: 93/99 MP: 15/15
 15817 | Lair:5   | Found a staircase to the Slime Pits.
 15818 | Lair:5   | Found a viscous altar of Jiyva.
 15934 | Lair:5   | Found a corrupted altar of Lugonu.
 15935 | Lair:5   | Found a one-way gate to the infinite horrors of the Abyss.
 16101 | Lair:5   | Reached ***** piety under Trog
 16303 | Lair:5   | Reached skill level 19 in Axes
 17022 | D:12     | Received a gift from Trog
 17588 | D:13     | Found a gate to the Vaults.
 17625 | D:13     | Noticed Rupert
 17639 | D:13     | Killed Rupert
 17738 | D:13     | Noticed Nessos
 17759 | D:13     | Killed Nessos
 18046 | D:13     | You are sucked into a shaft and drop 2 floors!
 18046 | D:15     | Entered Level 15 of the Dungeon
 18302 | D:14     | Found a runed translucent door.
 18303 | D:14     | Noticed a tengu reaver
 18321 | D:14     | Killed a tengu reaver
 18352 | D:14     | Noticed a storm dragon
 18357 | D:14     | Killed a storm dragon
 18358 | D:14     | Reached XP level 16. HP: 72/107 MP: 16/16
 18489 | D:14     | Identified the +2 plate armour "Unarohij" {Str+5}
 18964 | D:14     | Reached skill level 5 in Stealth
 18976 | D:14     | Found a white marble altar of Elyvilon.
 18990 | D:14     | Reached skill level 20 in Axes
 19864 | D:15     | Gained mutation: You occasionally shout uncontrollably at
                  | your foes. [potion of mutation]
 19864 | D:15     | Gained mutation: You are occasionally teleported next to
                  | monsters. [potion of mutation]
 19864 | D:15     | Gained mutation: You possess an exceptional clarity of
                  | mind. [potion of mutation]
 19865 | D:15     | Lost mutation: You occasionally shout uncontrollably at
                  | your foes. [potion of mutation]
 19865 | D:15     | Lost mutation: You possess an exceptional clarity of mind.
                  | [potion of mutation]
 19865 | D:15     | Gained mutation: You are vulnerable to cold. (rC-) [potion
                  | of mutation]
 19865 | D:15     | Lost mutation: You are occasionally teleported next to
                  | monsters. [potion of mutation]
 19865 | D:15     | Gained mutation: You are robust. (+10% HP) [potion of
                  | mutation]
 19925 | D:15     | Reached skill level 15 in Fighting
 20185 | D:15     | Found a staircase to the Depths.
 20192 | D:15     | Received a gift from Trog
 20553 | D:15     | Found an ornate altar of the Wu Jian Council.
 20778 | Orc:1    | Entered Level 1 of the Orcish Mines
 20810 | Orc:1    | Upgraded the game from 0.31-a0-746-ge8284cb111 to
                  | 0.31-a0-764-g8440623082
 21190 | Orc:2    | Entered Level 2 of the Orcish Mines
 21232 | Orc:2    | Found a staircase to the Elven Halls.
 21265 | Orc:2    | Found a gate leading to a gauntlet.
 21288 | Gauntlet | Entered a Gauntlet
 21288 | Gauntlet | Found a transporter.
 21292 | Gauntlet | Found a transporter.
 21300 | Gauntlet | Found a transporter.
 21310 | Gauntlet | Found a runed translucent door.
 21326 | Gauntlet | Found a transporter.
 21327 | Gauntlet | Found a runed translucent door.
 21334 | Gauntlet | Found a transporter.
 21334 | Gauntlet | Found a transporter.
 21334 | Gauntlet | Found a transporter.
 21370 | Gauntlet | Found a transporter.
 21378 | Gauntlet | Identified the staff of Kismet {rElec rC- rN++ Will+ Air}
 21444 | Orc:2    | Noticed Jorgrun
 21455 | Orc:2    | Killed Jorgrun
 21515 | Orc:2    | Found Ladecw's General Store.
 21517 | Orc:2    | Found Geugoipn's Distillery.
 21831 | Orc:2    | Found a runed translucent gate.
 21832 | Orc:2    | Found a runed translucent gate.
 21849 | Orc:2    | Found a runed translucent gate.
 21950 | Orc:2    | Noticed Conn's ghost (journeyman OpFE)
 22035 | Orc:2    | Lost mutation: You are robust. (+10% HP) [a neqoxec]
 22286 | Orc:2    | Noticed Saint Roka
 22307 | Orc:2    | Killed Saint Roka
 22518 | Orc:2    | Reached XP level 17. HP: 50/115 MP: 17/17
 22715 | Orc:2    | Found Uza Ehof's Book Shop.
 22715 | Orc:2    | Found a one-way gate leading to the halls of Pandemonium.
 22715 | Orc:2    | Found Fetuh's Antique Weapon Boutique.
 22860 | Orc:2    | Killed Conn's ghost
 22870 | Orc:2    | Identified the +4 hand axe "Piabreac" {freeze, rN+}
 23214 | Spider:1 | Entered Level 1 of the Spider Nest
 23219 | Lair:3   | Lost mutation: You are vulnerable to cold. (rC-) [potion of
                  | mutation]
 23219 | Lair:3   | Gained mutation: Your magical capacity is low. (-10% MP)
                  | [potion of mutation]
 23219 | Lair:3   | Gained mutation: You passively map a small area around you.
                  | [potion of mutation]
 23219 | Lair:3   | Gained mutation: You passively map the area around you.
                  | [potion of mutation]
 23220 | Lair:3   | Lost mutation: Your magical capacity is low. (-10% MP)
                  | [potion of mutation]
 23220 | Lair:3   | Lost mutation: You passively map the area around you.
                  | [potion of mutation]
 23220 | Lair:3   | Gained mutation: You have large cloven feet. [potion of
                  | mutation]
 23220 | Lair:3   | Gained mutation: You have a pair of small horns on your
                  | head. [potion of mutation]
 23791 | Spider:1 | Reached skill level 21 in Axes
 25242 | Spider:2 | Received a gift from Trog
 25347 | Spider:2 | You are sucked into a shaft and drop 1 floor!
 25356 | Spider:3 | Reached skill level 1 in Throwing
 26061 | Spider:2 | Identified the +2 war axe "Qanuonam" {protect, rPois}
 26727 | Spider:2 | Acquired the +7 executioner's axe of Sudden Death {venom,
                  | *Rage rPois Int+6}
 26822 | Spider:3 | Reached XP level 18. HP: 102/124 MP: 18/18
 27165 | Spider:4 | Entered Level 4 of the Spider Nest
 28359 | Spider:4 | Killed from afar by a meliai

Illustrated notes

Levels and vault maps discovered:
D:1:      scummos_arrival_simple_fountains, layout_basic
D:2:      cheibrodos_pilgrimage, layout_basic
D:3:      layout_loops_ring, mainiacjoe_overflow_paths,
          mainiacjoe_overflow_tiny_flanked, ebering_ghost_inner_flame,
          grunt_ministairs_9, dk_noncrumbling_2, minmay_crystal_water,
          st_stairs_6, kennysheep_cluttered_room, dreamdust_wishing_well,
          uniq_natasha
D:4:      layout_basic, nicolae_overflow_crystal_walls,
          nicolae_yredelemnul_corpse_copse, minmay_temple_entry_arrows,
          serial_glass, glass_columns_a, glass_columns_c, uniq_pikel,
          uniq_duvessa, uniq_menkaure
D:5:      layout_rooms, overflow_temple_1_default, serial_shops, shop,
          serial_bayou, serial_bayou_lake_a, serial_bayou_pond_a,
          serial_bayou_ford_a, serial_bayou_shore_a, serial_bayou_lagoon_a,
          uniq_blork_the_orc
D:6:      layout_basic
D:7:      layout_rooms, lemuel_flame_loot_1
D:8:      layout_basic, mainiacjoe_overflow_24_doors, trog_butcher_becter,
          lemuel_crystal_altar, gammafunk_ghost_ooze, minmay_unpleasant_kobolds,
          uniq_maggie
D:9:      layout_loops_ring, david_orc_2, hangedman_abyss_or_decor_stabs,
          minmay_misc_feat_rugged, grunt_ministairs_4, serial_park_tiny_pond
D:10:     minmay_polygon_palace, layout_loops_corners, serial_shops,
          nicolae_diamond_shop, uniq_urug, uniq_psyche
D:11:     layout_basic, david_lair_generic, uniq_grum, uniq_sonja
D:12:     layout_basic, grunt_ministairs_9
D:13:     layout_basic, hellmonk_vaults_attempted_burglary, uniq_rupert,
          uniq_nessos
D:14:     layout_loops_corners, serial_aquarium, aquarium_bridge_long_joined
          [aquarium_subvault_window, aquarium_subvault_window,
          aquarium_subvault_window, aquarium_subvault_balcony,
          aquarium_subvault_wall, aquarium_subvault_bridge],
          aquarium_bridge_straight [aquarium_subvault_bridge,
          aquarium_subvault_balcony, aquarium_subvault_bridge,
          aquarium_subvault_window], aquarium_window_2, aquarium_window_2,
          aquarium_view_2a, aquarium_view_2e, aquarium_pool_2, elyvilon_altar_3,
          serial_bayou_pond_d, minmay_fountain_box, minivault_13
D:15:     grunt_enter_depths_snipers, layout_gridville, grunt_decor_one_mirror,
          nzn_wu_jian_council_hall
Lair:1:   gammafunk_cloud_chamber, layout_cave_pods, minivault_19
Lair:2:   layout_cellular_growth, portal_ice_cave_entry_ice_simulacra,
          lemuel_fruit_tree, grunt_megastairs_4
Lair:3:   layout_loops_ring, elwin_shoals_entry_rooms,
          nicolae_spider_entry_non_spiders, basic_altar
Lair:4:   gammafunk_mikee_crab_dinner, layout_hall_layers, serial_bayou,
          serial_bayou_pond_a, serial_bayou_pond_d, serial_bayou_pond_e,
          serial_bayou_pond_c
Lair:5:   hangedman_lair_tendril_chambers, layout_concentric_octagons, wormcave,
          slime_entry_1, amcnicky_altar_lugonu_corruption
Spider:1: layout_spider_delve
Spider:2: layout_chambers
Spider:3: layout_spider_delve
Spider:4: hellmonk_spider_rune_bug_friends, nicolae_spider_moth_buddies
Orc:1:    layout_caves
Orc:2:    pf_orc_diabolical, layout_diamond_mine, gammafunk_ghost_necromancy,
          gauntlet_entry_generic, nicolae_orc_crystal_geode, uniq_saint_roka,
          uniq_jorgrun

Skill      XL: |  1  2  3  4  5  6  7  8  9 10 11 12 13 14 15 16 17 18 |
---------------+-------------------------------------------------------+-----
Axes           | 3 4 5 6 8 10 12 13 15 16 18 19 20 21 | 21.7
Dodging        | 2 3 4 5 6 7 9 |  9.9
Fighting       | 4 5 6 7 9 10 12 13 14 16 17 18 | 18.0
Armour         | 3 4 5 6 8 10 | 10.4
Stealth        | 1 3 4 6 7 |  7.1
Throwing       | 1 2 |  2.1

Action                     |  1- 3 |  4- 6 |  7- 9 | 10-12 | 13-15 | 16-18 || total
---------------------------+-------+-------+-------+-------+-------+-------++-------
  Melee: Hand axe          |    35 |   152 |    93 |       |       |       ||   280
         Punch             |       |     3 |     2 |       |       |       ||     5
         Battleaxe         |       |       |    99 |   294 |   655 |   857 ||  1905
         War axe           |       |       |       |    36 |       |       ||    36
         Headbutt          |       |       |       |       |       |   105 ||   105
  Throw: Dart              |       |       |     2 |       |     3 |    20 ||    25
 Invoke: Berserk           |     1 |     6 |     3 |     8 |    17 |    22 ||    57
         Trog's Hand       |       |     2 |     4 |     9 |    13 |    22 ||    50
         Brothers in Arms  |       |       |       |     1 |     2 |     7 ||    10
    Use: Scroll            |     2 |     3 |    11 |     8 |     9 |    12 ||    45
         Potion            |       |       |       |       |       |    16 ||    16
   Stab: Sleeping          |       |       |       |       |     6 |     5 ||    11
         Distracted        |       |       |       |       |       |     1 ||     1
 Armour: Animal skin       |    38 |    82 |       |       |   391 |   491 ||  1002
         Plate armour      |       |     4 |   138 |   317 |    49 |       ||   508
  Dodge: Dodged            |    28 |   140 |   128 |   286 |   619 |   902 ||  2103

Table legend: (Time is in decaauts)
 A = Elapsed time spent in this place.
 B = Non-inter-level travel time spent in this place.
 C = Inter-level travel time spent in this place.
 D = Time resting spent in this place.
 E = Time spent auto-exploring this place.
 F = Levels seen in this place.
 G = Mean time per level.
                   A        B        C        D        E       F      G
               +--------+--------+--------+--------+--------+-----+--------+
         Total |  28687 |  27488 |   1199 |   3382 |  17988 |  28 | 1024.5 |
       Dungeon |  13633 |  12897 |    736 |    518 |   9726 |  15 |  908.9 |
          Lair |   6973 |   6632 |    341 |    827 |   4240 |   5 | 1394.6 |
   Spider Nest |   5126 |   5073 |     53 |   1264 |   2774 |   4 | 1281.5 |
  Orcish Mines |   1948 |   1880 |     68 |    332 |   1047 |   2 |  974.0 |
      Ice Cave |    846 |    846 |      0 |    441 |    200 |   1 |  846.0 |
      Gauntlet |    158 |    158 |      0 |      0 |      0 |   1 |  158.0 |
               +--------+--------+--------+--------+--------+-----+--------+

Top non-repeatable levels by time:
  Lair:5: 1844 daAuts
Spider:2: 1738 daAuts
    D:14: 1699 daAuts
  Lair:4: 1691 daAuts
   Orc:2: 1537 daAuts
    D:10: 1473 daAuts
  Lair:1: 1306 daAuts
Spider:1: 1270 daAuts
Spider:3: 1233 daAuts
     D:9: 1196 daAuts
     D:3: 1134 daAuts
  Lair:2: 1110 daAuts
  Lair:3: 1021 daAuts
     D:4: 892 daAuts
Spider:4: 884 daAuts
